TOP OF THE 1ST |
Austin Rangers batting - Pitching for Panama City Piranhas : LHP Pedro Alejándrez
|
Pitching: LHP Pedro Alejándrez
|
|
Batting: RHB Miguel Morán
|
0-0: Called Strike 0-1: Ball 1-1: Ground out 1-3 (Groundball, 15S)
|
Batting: SHB Xavier Vásquez
|
0-0: Foul Ball, location: 2F 0-1: Ball 1-1: Ball 2-1: Foul Ball, location: 2F 2-2: Ball 3-2: Strikes out swinging
|
Batting: LHB Count Dante
|
0-0: Foul Ball, location: 2F 0-1: Fly out, F7 (Flyball, 7S)
|
Top of the 1st over - 0 run(s), 0 hit(s), 0 error(s), 0 left on base; Austin 0 - Panama City 0 |
BOTTOM OF THE 1ST |
Panama City Piranhas batting - Pitching for Austin Rangers : LHP Alfonso Zapata
|
Pitching: LHP Alfonso Zapata
|
|
Batting: RHB Baldomero Avino
|
0-0: Called Strike 0-1: Foul Ball, location: 2F 0-2: Fly out, F8 (Line Drive, 78M)
|
Batting: LHB Herman Hayes
|
0-0: Foul Ball, location: 2F 0-1: Called Strike 0-2: Ball 1-2: Foul Ball, location: 2F 1-2: Fly out, F7 (Flyball, 7S)
|
Batting: RHB Fernando Silva
|
0-0: Fly out, F9 (Flyball, 9LSF)
|
Bottom of the 1st over - 0 run(s), 0 hit(s), 0 error(s), 0 left on base; Austin 0 - Panama City 0 |
TOP OF THE 2ND |
Austin Rangers batting - Pitching for Panama City Piranhas : LHP Pedro Alejándrez
|
Batting: LHB Jesús Reyes
|
0-0: Ground out 3-1 (Groundball, 34)
|
Batting: RHB Jeff Green
|
0-0: Swinging Strike 0-1: Ball 1-1: Called Strike 1-2: Strikes out looking
|
Batting: LHB Héctor Cortéz
|
0-0: Called Strike 0-1: Ball 1-1: Foul Ball, location: 2F 1-2: Fly out, F8 (Flyball, 8LM)
|
Top of the 2nd over - 0 run(s), 0 hit(s), 0 error(s), 0 left on base; Austin 0 - Panama City 0 |
BOTTOM OF THE 2ND |
Panama City Piranhas batting - Pitching for Austin Rangers : LHP Alfonso Zapata
|
Batting: RHB Cale Sutton
|
0-0: Ball 1-0: Ball 2-0: Ball 3-0: Called Strike 3-1: Base on Balls
|
Batting: LHB Robert Adams
|
0-0: Swinging Strike 0-1: Called Strike 0-2: Strikes out swinging
|
Batting: SHB Tsing Guao
|
0-0: Swinging Strike 0-1: Called Strike 0-2: Foul Ball, location: 2F 0-2: Strikes out swinging
|
Batting: RHB Raúl Ortíz
|
0-0: Called Strike 0-1: Ball 1-1: Ball 2-1: Foul Ball, location: 2F 2-2: SINGLE (Line Drive, 7S) Cale Sutton to second
|
Batting: RHB Juan Jose Ayala
|
0-0: Called Strike 0-1: Ball 1-1: Foul Ball, location: 2F 1-2: Strikes out swinging
|
Bottom of the 2nd over - 0 run(s), 1 hit(s), 0 error(s), 2 left on base; Austin 0 - Panama City 0 |
TOP OF THE 3RD |
Austin Rangers batting - Pitching for Panama City Piranhas : LHP Pedro Alejándrez
|
Batting: RHB Matt Sheppard
|
0-0: Ball 1-0: Fly out, F7 (Flyball, 7LS)
|
Batting: RHB José Muńóz
|
0-0: DOUBLE (Line Drive, 7LM)
|
Batting: RHB Rodney Hanna
|
0-0: Ball 1-0: Fly out, F9 (Flyball, 9S)
|
Batting: RHB Miguel Morán
|
0-0: Ground out 5-3 (Groundball, 56)
|
Top of the 3rd over - 0 run(s), 1 hit(s), 0 error(s), 1 left on base; Austin 0 - Panama City 0 |
BOTTOM OF THE 3RD |
Panama City Piranhas batting - Pitching for Austin Rangers : LHP Alfonso Zapata
|
Batting: SHB Marc Talamante
|
0-0: Fly out, F2 (Popup, 56S)
|
Batting: RHB Baldomero Avino
|
0-0: Ball 1-0: Foul Ball, location: 2F 1-1: Swinging Strike 1-2: DOUBLE (Line Drive, 5D)
|
Batting: LHB Herman Hayes
|
0-0: Called Strike 0-1: Ball 1-1: Ball 2-1: Ball 3-1: Foul Ball, location: 2F 3-2: Base on Balls
|
Batting: RHB Fernando Silva
|
0-0: Called Strike 0-1: Fly out, F9 (Flyball, 9LS)
|
Batting: RHB Cale Sutton
|
0-0: SINGLE (Groundball, 6MD) Baldomero Avino to third Herman Hayes to second Runner from 3rd tries for Home, SAFE, throw made home
|
Batting: LHB Robert Adams
|
0-0: Ball 1-0: SINGLE (Line Drive, 6D) Herman Hayes to third Cale Sutton to second
|
Batting: SHB Tsing Guao
|
0-0: Called Strike 0-1: Ball Wild Pitch! Herman Hayes scores Cale Sutton to third Robert Adams to second 1-1: Ball 2-1: Foul Ball, location: 2F 2-2: Ground out 6-3 (Groundball, 6)
|
Bottom of the 3rd over - 2 run(s), 3 hit(s), 0 error(s), 2 left on base; Austin 0 - Panama City 2 |
TOP OF THE 4TH |
Austin Rangers batting - Pitching for Panama City Piranhas : LHP Pedro Alejándrez
|
Batting: SHB Xavier Vásquez
|
0-0: Fly out, F6 (Line Drive, 6M)
|
Batting: LHB Count Dante
|
0-0: Called Strike 0-1: Called Strike 0-2: Ball 1-2: Ball 2-2: SINGLE (Line Drive, 4D)
|
Batting: LHB Jesús Reyes
|
0-0: Ball 1-0: Swinging Strike 1-1: Ball 2-1: Called Strike 2-2: Ball 3-2: Strikes out swinging
|
Batting: RHB Jeff Green
|
0-0: Ball 1-0: Swinging Strike 1-1: Ball 2-1: DOUBLE (Line Drive, 7D) Count Dante to third Runner from 3rd tries for Home, SAFE, no throw
|
Batting: LHB Héctor Cortéz
|
0-0: SINGLE (Flyball, 7S) Jeff Green to third
|
Batting: RHB Matt Sheppard
|
0-0: Called Strike 0-1: Fielders Choice at 2nd, 6-4 (Groundball, 6)
|
Top of the 4th over - 1 run(s), 3 hit(s), 0 error(s), 1 left on base; Austin 1 - Panama City 2 |
BOTTOM OF THE 4TH |
Panama City Piranhas batting - Pitching for Austin Rangers : LHP Alfonso Zapata
|
Batting: RHB Raúl Ortíz
|
0-0: Ball 1-0: Ball 2-0: Foul Ball, location: 2F 2-1: Foul Ball, location: 2F 2-2: DOUBLE (Line Drive, 78D)
|
Batting: RHB Juan Jose Ayala
|
0-0: Called Strike 0-1: Ball 1-1: Ball 2-1: Ball 3-1: Base on Balls
|
Batting: SHB Marc Talamante
|
0-0: Ball 1-0: Swinging Strike 1-1: Fly out, F9 (Flyball, 9S)
|
Batting: RHB Baldomero Avino
|
0-0: Hit by Pitch Raúl Ortíz to third Juan Jose Ayala to second
|
Batting: LHB Herman Hayes
|
0-0: Called Strike 0-1: Ball 1-1: Ball 2-1: Foul Ball, location: 2F 2-2: Strikes out swinging
|
Batting: RHB Fernando Silva
|
0-0: Ball 1-0: Ball 2-0: Foul Ball, location: 2F 2-1: Ground out 5-3 (Groundball, 56S)
|
Bottom of the 4th over - 0 run(s), 1 hit(s), 0 error(s), 3 left on base; Austin 1 - Panama City 2 |
TOP OF THE 5TH |
Austin Rangers batting - Pitching for Panama City Piranhas : LHP Pedro Alejándrez
|
Batting: RHB José Muńóz
|
0-0: Called Strike 0-1: Foul Ball, location: 2F 0-2: Strikes out swinging
|
Batting: RHB Rodney Hanna
|
0-0: Called Strike 0-1: Ground out 5-3 (Groundball, 5)
|
Batting: RHB Miguel Morán
|
0-0: Swinging Strike 0-1: Ball 1-1: Swinging Strike 1-2: SINGLE (Line Drive, 6M)
|
Batting: SHB Xavier Vásquez
|
0-0: Ball 1-0: Ball 2-0: Ball 3-0: Called Strike 3-1: Foul Ball, location: 2F 3-2: Foul Ball, location: 2F 3-2: Foul Ball, location: 2F 3-2: Strikes out swinging
|
Top of the 5th over - 0 run(s), 1 hit(s), 0 error(s), 1 left on base; Austin 1 - Panama City 2 |
BOTTOM OF THE 5TH |
Panama City Piranhas batting - Pitching for Austin Rangers : LHP Alfonso Zapata
|
Batting: RHB Cale Sutton
|
0-0: Called Strike 0-1: Ball 1-1: Fly out, F4 (Popup, 4)
|
Batting: LHB Robert Adams
|
0-0: Ball 1-0: Ground out 3-1 (Groundball, 34)
|
Batting: SHB Tsing Guao
|
0-0: Called Strike 0-1: Swinging Strike 0-2: Ball 1-2: Foul Ball, location: 2F 1-2: Ball 2-2: Strikes out swinging
|
Bottom of the 5th over - 0 run(s), 0 hit(s), 0 error(s), 0 left on base; Austin 1 - Panama City 2 |
TOP OF THE 6TH |
Austin Rangers batting - Pitching for Panama City Piranhas : LHP Pedro Alejándrez
|
Batting: LHB Count Dante
|
0-0: SOLO HOME RUN (Flyball, 78XD), Distance : 403 ft
|
Batting: LHB Jesús Reyes
|
0-0: Foul Ball, location: 2F 0-1: Fly out, F8 (Flyball, 89D)
|
Batting: RHB Jeff Green
|
0-0: Called Strike 0-1: Ball 1-1: Called Strike 1-2: Ball 2-2: Foul Ball, location: 2F 2-2: Ball 3-2: Ground out 6-3 (Groundball, 6)
|
Batting: LHB Héctor Cortéz
|
0-0: Ball 1-0: Swinging Strike 1-1: Ball 2-1: Swinging Strike 2-2: Strikes out looking
|
Top of the 6th over - 1 run(s), 1 hit(s), 0 error(s), 0 left on base; Austin 2 - Panama City 2 |
BOTTOM OF THE 6TH |
Panama City Piranhas batting - Pitching for Austin Rangers : LHP Alfonso Zapata
|
Batting: RHB Raúl Ortíz
|
0-0: Ball 1-0: Foul Ball, location: 2F 1-1: Ball 2-1: SINGLE (Groundball, 6MD)
|
Batting: RHB Juan Jose Ayala
|
0-0: Ball 1-0: Ball 2-0: SINGLE (Line Drive, 4D) Raúl Ortíz to second Runner from 2nd tries for 3rd, SAFE, throw made to third
|
Batting: SHB Marc Talamante
|
0-0: Called Strike 0-1: Ball 1-1: Ball 2-1: Ground out 6-3 (Groundball, 6MS) Juan Jose Ayala to second
|
Batting: RHB Baldomero Avino
|
0-0: Intentional Walk
|
Batting: LHB Herman Hayes
|
0-0: Ball 1-0: Fly out, F8 (Flyball, 89M)
|
Batting: RHB Fernando Silva
|
0-0: DOUBLE (Groundball, 5L) Raúl Ortíz scores Juan Jose Ayala scores Baldomero Avino to third Runner from 3rd tries for Home, SAFE, throw made at trailing runner, OUT at third!
|
Bottom of the 6th over - 3 run(s), 3 hit(s), 0 error(s), 0 left on base; Austin 2 - Panama City 5 |
TOP OF THE 7TH |
Austin Rangers batting - Pitching for Panama City Piranhas : LHP Pedro Alejándrez
|
Batting: RHB Matt Sheppard
|
0-0: Swinging Strike 0-1: Ball 1-1: Foul Ball, location: 2F 1-2: Ball 2-2: SINGLE (Popup, 6MD)
|
Batting: RHB José Muńóz
|
0-0: Ball 1-0: DOUBLE (Groundball, 5L) Matt Sheppard to third
|
Batting: RHB Rodney Hanna
|
0-0: Ball 1-0: Swinging Strike 1-1: Ball 2-1: Ball 3-1: Foul Ball, location: 2F 3-2: Foul Ball, location: 2F 3-2: Fly out, F9 (Flyball, 9LSF)
|
Batting: RHB Miguel Morán
|
0-0: Ball 1-0: Called Strike 1-1: Ball 2-1: Foul Ball, location: 2F 2-2: Strikes out swinging
|
Batting: SHB Xavier Vásquez
|
0-0: Swinging Strike 0-1: Swinging Strike 0-2: Strikes out looking
|
Top of the 7th over - 0 run(s), 2 hit(s), 0 error(s), 2 left on base; Austin 2 - Panama City 5 |
BOTTOM OF THE 7TH |
Panama City Piranhas batting - Pitching for Austin Rangers : LHP Alfonso Zapata
|
Pitching: RHP Albert Emery
|
|
Batting: RHB Cale Sutton
|
0-0: Ball 1-0: SINGLE (Groundball, 34D)
|
Batting: LHB Robert Adams
|
0-0: Ball 1-0: Ball 2-0: Foul Ball, location: 2F 2-1: Fielders Choice at 2nd, 3-6 (Groundball, 34)
|
Batting: SHB Tsing Guao
|
0-0: Ball 1-0: Ball 2-0: Ball 3-0: Called Strike 3-1: Foul Ball, location: 2F 3-2: Foul Ball, location: 2F 3-2: Base on Balls Robert Adams to second
|
Batting: RHB Raúl Ortíz
|
0-0: Called Strike 0-1: Ball 1-1: Swinging Strike 1-2: Ball 2-2: Ball 3-2: Foul Ball, location: 2F 3-2: Foul Ball, location: 2F 3-2: Single, Error in OF, E8, batter to second base Robert Adams scores Tsing Guao to third
|
Batting: RHB Juan Jose Ayala
|
0-0: Ball 1-0: Fly out, F9 (Line Drive, 9) Runner from 3rd tags up, SCORES, throw made
|
Batting: SHB Marc Talamante
|
0-0: Ball 1-0: Called Strike 1-1: Ball 2-1: Swinging Strike 2-2: Strikes out looking
|
Bottom of the 7th over - 2 run(s), 2 hit(s), 1 error(s), 1 left on base; Austin 2 - Panama City 7 |
TOP OF THE 8TH |
Austin Rangers batting - Pitching for Panama City Piranhas : LHP Pedro Alejándrez
|
Batting: LHB Count Dante
|
0-0: Foul Ball, location: 2F 0-1: Called Strike 0-2: Foul Ball, location: 2F 0-2: Foul Ball, location: 2F 0-2: Strikes out swinging
|
Pitching: RHP Anderson O'Mara
|
|
Batting: LHB Jesús Reyes
|
0-0: Ball 1-0: Ball 2-0: Foul Ball, location: 2F 2-1: Ball 3-1: Ground out 4-3 (Groundball, 4)
|
Batting: RHB Jeff Green
|
0-0: SINGLE (Flyball, 9LS)
|
Batting: LHB Héctor Cortéz
|
0-0: Ball 1-0: Called Strike 1-1: Ball 2-1: Ball 3-1: Fly out, F9 (Flyball, 89M)
|
Top of the 8th over - 0 run(s), 1 hit(s), 0 error(s), 1 left on base; Austin 2 - Panama City 7 |
BOTTOM OF THE 8TH |
Panama City Piranhas batting - Pitching for Austin Rangers : RHP Albert Emery
|
Batting: RHB Baldomero Avino
|
0-0: Ball 1-0: Foul Ball, location: 2F 1-1: Ball 2-1: Ball 3-1: SINGLE (Groundball, 56D)
|
Batting: LHB Herman Hayes
|
0-0: Ball 1-0: Called Strike 1-1: Ball 2-1: Foul Ball, location: 2F 2-2: Fly out, F9 (Flyball, 9LS)
|
Batting: RHB Fernando Silva
|
0-0: Foul Ball, location: 2F 0-1: Ball 1-1: Grounds into double play, 6-4-3 (Groundball, 6)
|
Bottom of the 8th over - 0 run(s), 1 hit(s), 0 error(s), 0 left on base; Austin 2 - Panama City 7 |
TOP OF THE 9TH |
Austin Rangers batting - Pitching for Panama City Piranhas : RHP Anderson O'Mara
|
Batting: RHB Matt Sheppard
|
0-0: Called Strike 0-1: Ball 1-1: Foul Ball, location: 2F 1-2: Foul Ball, location: 2F 1-2: Foul Ball, location: 2F 1-2: Strikes out swinging
|
Batting: RHB José Muńóz
|
0-0: Called Strike 0-1: Ball 1-1: Called Strike 1-2: Strikes out looking
|
Batting: RHB Rodney Hanna
|
0-0: Called Strike 0-1: Ball 1-1: Ball 2-1: Foul Ball, location: 2F 2-2: Strikes out looking
|
Top of the 9th over - 0 run(s), 0 hit(s), 0 error(s), 0 left on base; Austin 2 - Panama City 7 |
|